Map: Rhoskallian LE

Players

qqq - Winner!

  • Race: Zerg Zerg
  • Spawn Location: 12:00

Massa - Winner!

  • Race: Terran Terran
  • League: Platinum
  • Spawn Location: 11:00

Leewey

  • Race: Terran Terran
  • League: Platinum
  • Spawn Location: 5:00

PiKiTrOn

  • Race: Zerg Zerg
  • Spawn Location: 6:00

VOD

Have the link to the VOD?

Description

Time

  • Played on: Oct. 8, 2020, 4:32 p.m.
  • Length: 13:17
Show
View Real Time Build Order
Export as new Build Order

qqq Zerg - Winner!

Build Orders: Pool First, Lurkers 

Get SALT Encoding   

  12  0:07  Drone  
  13  0:23  Spawning Pool  
  13  0:27  Drone  
  13  0:35  Overlord  
  13  0:41  Drone  
  14  0:45  Extractor  
  14  0:47  Drone  
  14  1:10  Zergling x4  
  17  1:11  Zergling x2  
  17  1:22  Zergling x2  
  18  1:32  Zergling x2  
  19  1:43  Hatchery  
  19  1:45  Zergling x2  
  19  1:54  Metabolic Boost  
  19  2:03  Zergling x2  
  20  2:15  Drone  
  21  2:17  Overlord  
  20  2:50  Zergling x6  
  19  2:59  Drone  
  19  3:00  Queen  
  19  3:01  Queen  
  19  3:02  Drone  
  24  3:07  Zergling x2  
  25  3:14  Zergling x2  
  26  3:24  Drone  
  26  3:26  Drone  
  26  3:38  Zergling x2  
  26  3:39  Zergling x4  
  29  3:50  Zergling x2  
  29  3:51  Drone  
  31  3:58  Drone, Baneling Nest  
  31  4:10  Zergling x2  
  31  4:11  Drone  
  31  4:12  Zergling x2  
  32  4:30  Zergling x6  
  35  4:32  Overlord  
  35  4:33  Overlord  
  35  4:34  Hatchery  
  34  4:43  Drone  
  35  4:46  Lair  
  35  4:51  Baneling x2  
  35  4:53  Drone x2  
  38  5:00  Drone x2  
  39  5:14  Drone x4  
  42  5:15  Drone  
  42  5:18  Drone  
  45  5:35  Drone x3  
  47  5:36  Drone x3  
  47  5:41  Extractor  
  50  5:59  Spire  
  50  6:00  Drone  
  50  6:01  Drone x5  
  50  6:02  Overlord  
  50  6:03  Overlord  
  55  6:08  Drone  
  55  6:10  Extractor  
  55  6:11  Spore Crawler  
  54  6:13  Spore Crawler  
  54  6:14  Drone  
  54  6:21  Drone x2  
  54  6:22  Drone x2  
  54  6:24  Drone  
  54  6:25  Drone  
  60  6:28  Overlord  
  60  6:30  Drone  
  61  6:33  Baneling x3  
  60  6:47  Drone x2  
  60  6:48  Zergling x8, Hydralisk Den  
  60  6:51  Spore Crawler  
  60  6:52  Drone x2  
  60  6:54  Drone x2  
  66  6:58  Extractor  
  65  7:04  Overlord  
  65  7:12  Spore Crawler  
  65  7:13  Overlord  
  64  7:28  Queen  
  66  7:36  Drone x2  
  66  7:37  Mutalisk  
  64  7:40  Mutalisk x3  
  69  7:47  Drone  
  69  7:48  Spore Crawler  
  69  7:49  Extractor, Spore Crawler  
  67  7:55  Spore Crawler  
  66  8:07  Overlord x3  
  66  8:08  Overlord x5  
  66  8:13  Overlord  
  66  8:14  Overlord  
  66  8:21  Hatchery  
  54  8:39  Mutalisk x3  
  60  8:43  Mutalisk x2  
  60  8:44  Drone x3  
  60  8:45  Drone  
  68  8:56  Queen  
  68  8:57  Extractor  
  68  8:58  Extractor  
  68  8:59  Hydralisk  
  70  9:03  Muscular Augments  
  70  9:07  Queen  
  72  9:12  Overlord  
  72  9:13  Overlord  
  72  9:14  Overlord x2  
  72  9:16  Drone x2  
  74  9:17  Hydralisk  
  74  9:23  Drone  
  77  9:28  Drone, Mutalisk  
  77  9:30  Overlord  
  80  9:35  Hydralisk  
  80  9:37  Hydralisk  
  85  9:38  Drone  
  85  9:39  Drone x2  
  87  9:50  Drone  
  88  9:55  Queen  
  88  9:56  Spore Crawler  
  88  9:58  Mutalisk  
  91  10:03  Drone x2  
  91  10:04  Drone, Hatchery  
  93  10:12  Zerg Flyer Weapons Level 1  
  93  10:15  Mutalisk, Grooved Spines, Lurker Den  
  93  10:17  Hydralisk  
  93  10:19  Zergling x2  
  97  10:23  Baneling x4  
  97  10:24  Baneling  
  97  10:27  Drone x2  
  99  10:34  Mutalisk  
  99  10:35  Zergling x4  
  103  10:36  Drone x2  
  103  10:38  Drone  
  106  10:43  Drone x3  
  106  10:44  Drone  
  110  10:58  Hydralisk x2  
  114  11:07  Evolution Chamber  
  114  11:09  Evolution Chamber  
  114  11:10  Drone x5  
  117  11:14  Drone  
  117  11:15  Mutalisk x2  
  117  11:16  Mutalisk  
  124  11:20  Lurker  
  124  11:21  Lurker  
  124  11:24  Drone  
  127  11:26  Drone x4  
  127  11:27  Drone  
  127  11:28  Drone  
  127  11:31  Hydralisk  
  127  11:32  Hatchery  
  134  11:34  Lurker  
  134  11:35  Lurker  
  112  12:00  Mutalisk  
  112  12:01  Mutalisk x2  
  108  12:22  Mutalisk x3  
  112  12:32  Drone x5  
  112  12:33  Drone x3, Mutalisk x2  
  124  12:37  Zergling x10  
  127  12:51  Mutalisk  
  127  12:52  Mutalisk  
Show
View Real Time Build Order
Export as new Build Order

Massa Terran - Winner!

Build Orders: Hellion Opening 

Get SALT Encoding   

  12  0:00  SCV  
  13  0:12  SCV  
  14  0:23  Supply Depot  
  14  0:24  SCV  
  15  0:36  Refinery  
  15  0:45  SCV  
  15  0:46  Barracks  
  16  0:57  SCV  
  17  1:09  SCV  
  18  1:21  SCV  
  19  1:33  SCV, Reaper  
  21  1:40  Command Center  
  21  1:49  Orbital Command  
  21  2:05  Marine  
  21  2:06  Factory  
  22  2:18  Supply Depot  
  22  2:20  SCV  
  23  2:32  Barracks Reactor  
  22  2:47  SCV  
  23  2:53  Starport  
  23  2:54  Orbital Command  
  23  2:59  SCV  
  24  3:13  Hellion x2  
  24  3:15  Marine  
  29  3:20  Bunker  
  29  3:33  Marine  
  31  3:34  SCV x2, Hellion  
  31  3:35  Hellion  
  35  3:46  SCV x2  
  36  3:56  Hellion x2  
  36  3:58  SCV, Medivac  
  36  4:01  Supply Depot  
  43  4:09  Marine  
  44  4:12  SCV x2  
  44  4:14  Refinery  
  46  4:23  Hellion x2  
  50  4:24  SCV x2  
  50  4:27  Marine  
  53  4:43  SCV  
  54  4:49  Supply Depot  
  54  4:56  Supply Depot  
  54  4:57  Supply Depot  
  54  5:10  SCV x2  
  56  5:22  SCV x2  
  58  5:35  SCV x2  
  52  5:47  SCV  
  53  5:51  SCV  
  53  5:56  Engineering Bay  
  54  5:59  SCV, Command Center  
  54  6:03  SCV  
  56  6:09  Barracks Tech Lab  
  56  6:11  SCV  
  47  6:29  Widow Mine x2  
  47  6:30  Marauder  
  47  6:32  Medivac  
  55  6:38  Refinery  
  55  6:40  Barracks  
  55  6:42  Barracks  
  55  6:44  Barracks  
  55  6:46  Barracks, Missile Turret  
  55  6:49  Missile Turret  
  55  6:50  Widow Mine x2  
  55  6:51  Marauder  
  55  6:53  Missile Turret  
  61  6:57  Missile Turret  
  61  7:00  Missile Turret  
  61  7:02  Missile Turret, Medivac  
  61  7:05  Refinery, Terran Infantry Weapons Level 1  
  63  7:11  Orbital Command, Armory  
  63  7:15  SCV  
  63  7:16  SCV  
  67  7:23  Marauder  
  67  7:27  SCV  
  67  7:28  SCV  
  67  7:29  Barracks Reactor x2  
  69  7:34  Marine  
  71  7:38  Barracks Reactor  
  71  7:40  SCV  
  73  7:44  Marauder  
  73  7:52  Marine  
  74  8:01  Terran Vehicle Weapons Level 1  
  76  8:05  Marauder  
  76  8:15  Hellion  
  76  8:16  Hellion  
  76  8:17  Marine  
  76  8:18  Marine x6  
  89  8:27  Marauder, Stimpack  
  89  8:35  Marine  
  89  8:36  Marine x3  
  93  9:03  Marauder  
  93  9:09  Marine x2  
  93  9:16  Supply Depot x2  
  93  9:19  Supply Depot x2  
  93  9:20  Supply Depot  
  93  9:37  Marine x2  
  93  9:38  Hellion x2, Marauder  
  101  9:40  Supply Depot  
  101  9:41  Supply Depot  
  101  9:42  Supply Depot  
  101  9:44  Supply Depot  
  85  9:59  Widow Mine x2, Marauder  
  91  10:02  Terran Infantry Armor Level 1, Command Center  
  91  10:05  Supply Depot  
  91  10:06  Orbital Command, Engineering Bay, Supply Depot  
  91  10:07  Supply Depot  
  91  10:11  Armory  
  91  10:15  Combat Shield  
  91  10:18  Marine x3  
  91  10:19  Marine x3  
  91  10:20  Missile Turret  
  91  10:21  Barracks Tech Lab, Marauder, Missile Turret x2  
  99  10:23  Missile Turret  
  99  10:24  Missile Turret  
  99  10:26  Widow Mine, Missile Turret  
  101  10:32  SCV  
  101  10:33  SCV x2  
  104  10:36  Marine x4  
  104  10:37  Marine  
  104  10:42  Marauder  
  111  10:45  Concussive Shells  
  111  10:48  Refinery, Medivac  
  113  10:52  Widow Mine x2  
  117  11:04  Marauder  
  119  11:10  Terran Vehicle And Ship Armor Level 1  
  119  11:14  Widow Mine x2  
  119  11:18  Medivac  
  125  11:23  Command Center  
  125  11:25  Marauder  
  127  11:28  Missile Turret  
  127  11:35  Widow Mine x2  
  131  11:47  Missile Turret  
  126  12:09  Missile Turret  
  126  12:15  Marauder x2, Marine x6  
  130  12:30  Missile Turret  
  130  12:33  Marine x6  
  130  12:36  Marauder  
  130  12:37  Marauder  
  140  12:50  Marine  
  133  12:51  Marine x5, Missile Turret  
  132  13:13  Missile Turret  
Show
View Real Time Build Order
Export as new Build Order

Leewey Terran 

Build Orders:  

Get SALT Encoding   

  12  0:00  SCV  
  13  0:12  SCV  
  14  0:19  Supply Depot  
  14  0:24  SCV  
  15  0:40  SCV  
  16  0:46  Barracks  
  16  0:50  Refinery  
  16  0:52  SCV  
  17  1:04  SCV  
  18  1:16  SCV  
  19  1:28  SCV  
  20  1:36  Reaper  
  21  1:41  Orbital Command  
  21  1:48  Command Center  
  21  1:57  Supply Depot  
  21  2:05  Barracks  
  21  2:10  Reaper  
  21  2:11  SCV  
  22  2:54  Reaper  
  23  3:07  Orbital Command  
  23  3:12  Barracks Reactor  
  23  3:14  Factory  
  23  3:15  SCV, Bunker  
  23  3:17  Refinery  
  24  3:20  Supply Depot  
  24  3:21  Engineering Bay  
  24  3:33  Supply Depot  
  24  3:59  Supply Depot  
  24  4:00  SCV, Supply Depot  
  24  4:01  SCV  
  26  4:04  Factory Tech Lab, Marine x2  
  26  4:06  Barracks Tech Lab  
  28  4:12  SCV  
  28  4:13  SCV  
  30  4:23  Starport  
  30  4:25  SCV x2  
  30  4:30  Terran Infantry Weapons Level 1  
  32  4:31  Marine  
  32  4:32  Marine  
  32  4:34  Marine  
  32  4:37  SCV x2  
  32  4:38  Refinery  
  37  4:42  Refinery  
  37  4:49  SCV x2  
  37  4:50  Siege Tank  
  42  5:01  SCV x2  
  44  5:08  Supply Depot  
  36  5:42  SCV x2  
  36  5:54  SCV x2  
  36  5:55  Missile Turret  
  38  6:01  Starport Reactor  
  38  6:02  Siege Tank  
  38  6:04  Marine x3  
  42  6:06  SCV x2  
  46  6:18  SCV x2  
  40  6:30  SCV x2  
  42  6:42  SCV x2  
  44  6:50  Medivac  
  44  6:52  Medivac  
  48  6:54  SCV  
  48  6:58  SCV  
  50  7:06  SCV, Missile Turret  
  51  7:10  SCV  
  51  7:14  Marine x3  
  51  7:15  Stimpack  
  55  7:18  SCV  
  57  7:22  SCV  
  57  7:30  SCV  
  57  7:31  Siege Tank  
  57  7:32  Marine  
  62  7:58  SCV  
  62  7:59  SCV  
  64  8:11  SCV x2  
  54  8:40  SCV x2  
  54  8:48  Factory  
  54  8:49  Siege Tank  
  54  8:50  Marine x2  
  54  8:51  Marauder  
  54  8:52  SCV x2, Viking x2  
  67  9:04  SCV  
  68  9:19  Command Center  
  68  9:21  Command Center  
  68  9:23  Factory, Siege Tank  
  71  9:26  Viking x2  
  71  9:28  SCV x2  
  77  9:40  SCV x2  
  79  9:52  SCV  
  80  9:55  Marine x2, Siege Tank  
  80  9:56  Combat Shield  
  80  9:59  Terran Infantry Armor Level 1  
  85  10:00  Engineering Bay  
  85  10:04  SCV, Armory  
  86  10:17  Supply Depot x2  
  86  10:20  Supply Depot  
  86  10:26  Factory Tech Lab  
  86  10:30  SCV x2, Medivac x2, Siege Tank  
  86  10:31  Marauder  
  97  10:37  Orbital Command  
  97  10:41  Supply Depot  
  97  10:43  Supply Depot  
  97  10:44  Marine x2  
  99  10:50  Armory  
  99  10:53  Terran Vehicle And Ship Armor Level 1  
  99  11:01  Terran Infantry Weapons Level 2  
  103  11:11  Hellion x2  
  103  11:12  Viking  
  103  11:13  Marine x3  
  108  11:22  Planetary Fortress  
  108  11:31  Marine x2  
  90  11:48  Marine  
  90  11:49  Marine x2  
  84  11:59  Siege Tank x2  
  87  12:06  Marine x2  
  87  12:07  Marine  
  81  12:22  Viking x2  
  81  12:23  Marine  
  81  12:24  Marine x2  
  75  12:31  Siege Tank  
  78  12:59  Marine x2  
Show
View Real Time Build Order
Export as new Build Order

PiKiTrOn Zerg 

Build Orders: Hatch First 

Get SALT Encoding   

  12  0:00  Drone  
  13  0:13  Overlord  
  13  0:19  Drone  
  14  0:31  Drone x2  
  14  0:35  Drone  
  17  0:56  Hatchery  
  16  0:59  Drone  
  16  1:01  Drone  
  18  1:10  Extractor, Drone  
  18  1:24  Drone, Spawning Pool  
  18  1:28  Drone  
  19  1:39  Drone  
  20  1:50  Drone  
  21  2:01  Overlord  
  21  2:11  Zergling x2  
  21  2:12  Spine Crawler  
  21  2:16  Spine Crawler, Zergling x2  
  21  2:19  Spine Crawler  
  21  2:20  Zergling x2  
  21  2:24  Zergling x2  
  22  2:33  Spine Crawler  
  22  2:34  Zergling x2  
  22  2:35  Zergling x2  
  22  2:46  Zergling x4  
  22  2:59  Zergling x4  
  22  3:02  Drone, Metabolic Boost  
  25  3:08  Drone  
  26  3:15  Drone  
  26  3:18  Lair  
  26  3:19  Extractor  
  26  3:27  Queen  
  25  3:44  Zergling x4  
  27  3:54  Drone  
  27  3:55  Drone x3  
  27  4:20  Drone x3  
  27  4:21  Drone x2  
  27  4:23  Extractor  
  31  4:26  Extractor  
  31  4:29  Drone, Spire  
  30  4:36  Queen  
  32  4:39  Drone  
  33  4:45  Overlord  
  33  4:59  Overlord  
  33  5:06  Drone  
  36  5:07  Drone x2  
  36  5:26  Queen x2  
  40  5:34  Drone x2  
  40  5:35  Drone x2  
  44  5:40  Overlord x2  
  44  5:54  Overlord x2  
  44  6:00  Mutalisk x4  
  44  6:02  Mutalisk  
  54  6:10  Mutalisk x2  
  58  6:19  Mutalisk  
  60  6:35  Mutalisk  
  61  6:51  Mutalisk  
  63  7:03  Zergling x10  
  63  7:04  Zergling x12  
  74  7:17  Hatchery  
  70  7:43  Zergling x2  
  70  7:44  Zergling x10  
  72  8:19  Drone x4  
  76  8:21  Overlord x2  
  74  8:29  Overseer  
  74  8:34  Drone  
  74  8:35  Drone x5  
  80  8:42  Roach Warren  
  80  8:44  Drone x2  
  80  8:45  Drone  
  77  9:08  Drone  
  77  9:09  Drone x11  
  88  9:12  Extractor  
  88  9:13  Extractor  
  86  9:17  Drone  
  86  9:18  Drone x2  
  78  9:35  Baneling Nest  
  74  9:50  Roach x4  
  74  9:51  Roach x4  
  88  10:02  Glial Reconstitution  
  88  10:10  Spawning Pool  
  87  10:19  Evolution Chamber  
  86  10:22  Overseer x2  
  86  10:24  Roach x6  
  86  10:25  Evolution Chamber, Overlord x2  
  86  10:26  Overlord  
  97  10:29  Ravager  
  97  10:31  Overlord x2  
  98  10:43  Overlord x2  
  98  10:44  Roach  
  98  10:45  Roach x3  
  98  10:48  Zerg Missile Weapons Level 1  
  106  10:51  Zerg Ground Armor Level 1  
  106  10:53  Overlord x2  
  106  10:54  Overseer  
  106  10:57  Drone  
  106  10:58  Drone  
  108  11:11  Hatchery  
  108  11:12  Roach  
  108  11:13  Roach x4  
  103  12:15  Corruptor  
  104  12:16  Mutalisk x8  
  120  12:27  Queen  
  122  12:35  Mutalisk  
  122  12:36  Mutalisk x2  
Tags
 
Add a new tag
Caveats
  • Supply blocks, unpowered buildings, or Contaminate may cause inaccurate times.
  • Supply counts are checked every 10 seconds.